Map: 어스름 탑

Players

llllllllllll (Scarlett)

  • Race: Zerg Zerg
  • League: Grandmaster

llllllllllll - Winner!

  • Race: Zerg Zerg
  • League: Grandmaster

VOD

Have the link to the VOD?

Description

Time

  • Played on: April 14, 2016, 3:49 a.m.
  • Length: 15:59
Show
View Real Time Build Order
Export as new Build Order

llllllllllll Zerg 

Build Orders: Hatch First 

Get SALT Encoding   

  12  0:01  Drone  
  13  0:08  Drone  
  14  0:17  Overlord  
  14  0:22  Extractor  
  14  0:23  Drone  
  15  0:37  Drone x2  
  17  0:52  Hatchery  
  17  0:56  Drone  
  17  0:59  Drone  
  18  1:11  Spawning Pool  
  17  1:13  Extractor  
  17  1:15  Drone  
  17  1:24  Drone  
  18  1:30  Drone  
  19  1:40  Overlord  
  19  1:49  Drone  
  20  1:58  Queen  
  20  2:01  Drone  
  23  2:04  Queen, Drone  
  26  2:11  Zergling x2  
  27  2:18  Drone  
  27  2:22  Zergling x2  
  29  2:36  Lair  
  29  2:38  Drone x2  
  29  2:40  Queen  
  33  2:45  Overlord  
  33  2:46  Drone  
  33  2:50  Extractor, Drone  
  34  2:52  Extractor  
  33  3:01  Drone  
  33  3:02  Drone  
  35  3:05  Drone  
  35  3:06  Drone x2  
  35  3:07  Drone  
  35  3:11  Drone  
  40  3:13  Drone x2  
  42  3:26  Overlord, Drone x2  
  44  3:28  Extractor  
  43  3:36  Spire  
  43  3:37  Overlord  
  43  3:38  Drone x2  
  44  3:49  Drone x5  
  44  3:52  Drone  
  48  4:06  Spine Crawler  
  48  4:08  Drone  
  48  4:09  Drone x3  
  50  4:13  Drone  
  51  4:23  Drone x2  
  53  4:25  Hatchery  
  53  4:26  Drone  
  53  4:27  Drone  
  53  4:30  Overlord  
  54  4:33  Overlord  
  54  4:44  Overlord  
  54  4:47  Mutalisk x2  
  54  4:48  Mutalisk  
  54  4:52  Mutalisk x2  
  60  4:56  Mutalisk  
  60  4:58  Mutalisk  
  68  5:06  Mutalisk x2  
  70  5:10  Zerg Flyer Weapons Level 1  
  70  5:12  Overseer  
  72  5:20  Drone x2  
  74  5:22  Evolution Chamber  
  74  5:23  Hydralisk Den  
  74  5:27  Drone x3  
  75  5:38  Overlord  
  75  5:46  Mutalisk  
  75  5:47  Mutalisk x2  
  75  5:49  Extractor, Drone x5  
  85  5:53  Extractor  
  85  6:06  Mutalisk  
  85  6:08  Zergling x8  
  91  6:19  Mutalisk x2  
  91  6:22  Zergling x6  
  97  6:34  Overlord x3  
  97  6:39  Metabolic Boost  
  97  6:45  Overlord x4  
  97  6:46  Overlord  
  97  6:55  Mutalisk x4  
  97  6:57  Drone  
  106  7:03  Mutalisk  
  106  7:05  Zerg Flyer Armor Level 1, Drone x6  
  114  7:17  Zerg Melee Weapons Level 1  
  114  7:19  Drone x3  
  114  7:20  Hatchery, Drone x4  
  120  7:24  Mutalisk  
  120  7:26  Mutalisk  
  124  7:30  Zergling x4  
  124  7:33  Mutalisk x2  
  124  7:36  Overlord  
  130  7:38  Mutalisk  
  132  7:44  Mutalisk  
  132  7:48  Zergling x2  
  132  7:49  Zergling x10  
  140  8:01  Mutalisk x3  
  140  8:03  Overlord x3  
  146  8:07  Extractor  
  146  8:08  Mutalisk  
  146  8:09  Zergling x2, Extractor  
  146  8:10  Zergling x2  
  148  8:17  Mutalisk  
  148  8:19  Overlord  
  150  8:20  Zergling x8  
  150  8:23  Mutalisk  
  156  8:27  Zergling x8  
  156  8:31  Mutalisk  
  156  8:32  Mutalisk  
  164  8:35  Zergling x2  
  164  8:36  Zergling x2  
  166  8:46  Mutalisk x2  
  168  8:50  Zergling x10  
  168  8:55  Zergling x14  
  171  9:02  Mutalisk x3  
  170  9:14  Mutalisk  
  170  9:15  Mutalisk x3  
  144  9:17  Zergling x2  
  144  9:18  Zergling x6  
  121  9:30  Drone x2  
  121  9:31  Queen, Drone x2  
  123  9:32  Queen  
  123  9:35  Zerg Flyer Weapons Level 2  
  127  9:39  Extractor  
  127  9:40  Zerg Melee Weapons Level 2  
  127  9:43  Mutalisk  
  127  9:44  Zergling x2  
  128  9:56  Mutalisk x3  
  134  10:00  Zergling x12  
  140  10:10  Mutalisk x3  
  140  10:11  Overlord  
  146  10:14  Drone x3  
  146  10:17  Mutalisk  
  146  10:18  Zergling x4  
  146  10:19  Zergling x2  
  154  10:22  Mutalisk  
  154  10:24  Zergling x2  
  154  10:25  Zergling x2  
  158  10:49  Mutalisk  
  158  10:50  Mutalisk x5  
  158  10:51  Baneling Nest  
  158  10:54  Zergling x2  
  158  10:55  Zergling x16  
  178  11:05  Mutalisk  
  178  11:07  Zergling x4  
  182  11:14  Mutalisk x2  
  182  11:17  Hatchery  
  185  11:20  Mutalisk x3  
  191  11:26  Queen  
  191  11:32  Mutalisk x3  
  191  11:38  Drone x6  
  191  11:39  Drone  
  185  11:45  Drone x3  
  174  11:48  Drone x2  
  174  11:49  Drone  
  176  11:58  Extractor  
  176  11:59  Drone x3  
  178  12:06  Drone  
  179  12:11  Drone x3  
  182  12:21  Drone x4  
  171  12:42  Zergling x2  
  171  12:43  Zergling x24  
  184  12:48  Overlord  
  181  12:52  Overseer  
  181  12:54  Baneling x3  
  181  12:55  Zergling x12  
  187  13:01  Mutalisk x2  
  191  13:22  Zergling x18  
  194  13:36  Mutalisk  
  194  13:37  Mutalisk x2  
  200  13:42  Infestation Pit  
  173  13:50  Mutalisk x5  
  173  13:51  Mutalisk x3  
  146  13:55  Spore Crawler  
  146  13:58  Zergling x10  
  128  14:06  Spore Crawler  
  128  14:07  Spore Crawler  
  112  14:18  Pathogen Glands  
  112  14:20  Mutalisk x7  
  124  14:30  Spore Crawler  
  123  14:32  Spore Crawler  
  116  14:41  Infestor  
  116  14:42  Infestor x3  
  124  14:47  Spore Crawler  
  124  14:50  Spore Crawler  
  124  14:52  Infestor  
  107  14:58  Infestor  
  109  15:01  Infestor  
  109  15:06  Infestor  
  113  15:08  Infestor  
  115  15:17  Infestor  
  115  15:18  Infestor x2  
  74  15:55  Spawning Pool  
Show
View Real Time Build Order
Export as new Build Order

llllllllllll Zerg - Winner!

Build Orders: Hatch First 

Get SALT Encoding   

  12  0:00  Drone  
  13  0:12  Overlord  
  13  0:18  Drone  
  14  0:30  Drone x2  
  14  0:34  Drone  
  17  0:51  Hatchery  
  17  0:53  Drone  
  17  0:57  Drone  
  18  1:00  Extractor  
  17  1:12  Spawning Pool  
  17  1:16  Drone  
  17  1:19  Drone  
  18  1:27  Drone  
  19  1:38  Overlord  
  19  1:58  Queen  
  19  1:59  Drone  
  19  2:00  Drone  
  23  2:03  Queen  
  23  2:04  Metabolic Boost  
  23  2:07  Drone  
  26  2:13  Drone  
  26  2:14  Drone  
  28  2:21  Zergling x2  
  29  2:24  Baneling Nest  
  29  2:25  Drone  
  29  2:31  Drone  
  29  2:36  Zergling x2  
  31  2:47  Overlord  
  31  2:52  Hatchery  
  31  2:54  Drone x2  
  32  3:03  Drone  
  33  3:07  Drone x4  
  33  3:08  Drone  
  33  3:10  Drone  
  33  3:12  Drone  
  40  3:16  Overlord  
  40  3:19  Drone  
  41  3:21  Drone  
  42  3:27  Queen  
  44  3:35  Baneling  
  44  3:40  Lair, Overlord  
  44  3:42  Drone x2  
  44  3:43  Drone  
  44  3:44  Drone  
  44  3:46  Zergling x2  
  44  3:48  Zergling x2  
  49  3:57  Drone  
  49  3:58  Drone  
  51  4:03  Extractor x2  
  51  4:05  Drone  
  51  4:06  Drone x3  
  52  4:11  Drone  
  52  4:17  Overlord, Drone  
  54  4:19  Extractor  
  54  4:20  Drone  
  54  4:21  Drone x3  
  54  4:22  Drone x2  
  59  4:27  Drone x3  
  62  4:32  Extractor x2  
  62  4:36  Overlord  
  60  4:38  Zergling x4  
  60  4:40  Baneling  
  60  4:41  Drone x3  
  65  4:47  Drone x2  
  65  4:48  Drone  
  65  4:49  Spire, Drone x2  
  65  4:52  Drone  
  70  4:53  Overlord  
  70  4:56  Drone x2  
  72  5:00  Drone  
  72  5:01  Spore Crawler  
  72  5:02  Drone  
  72  5:03  Drone  
  74  5:11  Drone  
  74  5:12  Drone x2  
  77  5:19  Spore Crawler  
  77  5:20  Drone  
  77  5:21  Spore Crawler  
  75  5:22  Spore Crawler  
  75  5:24  Overlord  
  75  5:25  Overlord x3  
  74  5:34  Overlord  
  74  5:35  Zergling x12  
  80  5:36  Zergling x2  
  81  5:43  Zergling x2  
  79  6:08  Mutalisk x7  
  79  6:09  Mutalisk x6  
  105  6:16  Zerg Flyer Armor Level 1  
  105  6:18  Overlord  
  105  6:24  Mutalisk  
  107  6:29  Mutalisk  
  105  6:32  Overlord  
  105  6:34  Zergling x12  
  105  6:35  Mutalisk  
  113  6:40  Mutalisk  
  113  6:42  Hatchery  
  113  6:46  Overlord  
  114  6:47  Mutalisk  
  114  6:49  Zergling x4  
  114  6:50  Drone x2  
  120  6:55  Drone  
  120  6:58  Mutalisk x2  
  125  7:02  Overlord  
  125  7:04  Mutalisk  
  125  7:06  Zergling x2  
  125  7:07  Zergling x4  
  130  7:11  Mutalisk  
  130  7:13  Zergling x4  
  130  7:14  Zergling x2  
  135  7:17  Mutalisk  
  135  7:19  Overlord  
  135  7:22  Overlord  
  137  7:25  Mutalisk  
  137  7:27  Zergling x8  
  141  7:31  Mutalisk  
  141  7:35  Overlord x2  
  143  7:38  Drone x2  
  143  7:39  Drone x4  
  143  7:43  Mutalisk  
  151  7:45  Extractor  
  151  7:49  Extractor, Mutalisk  
  150  7:53  Mutalisk x2  
  150  7:55  Queen  
  150  7:56  Overlord  
  156  7:59  Mutalisk  
  156  8:01  Zergling x6  
  156  8:02  Zergling x4  
  163  8:10  Extractor  
  163  8:11  Drone x3  
  165  8:13  Overlord  
  165  8:14  Zerg Flyer Weapons Level 1  
  165  8:15  Mutalisk  
  165  8:17  Zergling x4  
  168  8:23  Mutalisk x2  
  168  8:25  Overlord  
  172  8:28  Mutalisk  
  172  8:32  Zergling x2  
  172  8:33  Zergling x14  
  182  8:37  Mutalisk  
  182  8:39  Mutalisk  
  181  8:48  Drone x2  
  181  8:49  Drone  
  181  8:53  Mutalisk  
  181  8:54  Mutalisk x2  
  189  9:01  Mutalisk  
  191  9:04  Mutalisk  
  191  9:09  Zergling x2  
  188  9:10  Zergling x12  
  188  9:14  Spore Crawler x2  
  188  9:15  Mutalisk  
  188  9:16  Mutalisk  
  188  9:17  Spore Crawler  
  151  9:20  Zergling x6  
  122  9:26  Mutalisk x2  
  116  9:34  Mutalisk, Queen  
  116  9:35  Mutalisk  
  123  9:41  Mutalisk x2  
  127  9:47  Mutalisk  
  127  9:54  Drone  
  127  9:57  Extractor  
  127  9:58  Zergling x10  
  127  9:59  Baneling, Mutalisk x2  
  132  10:04  Drone x3  
  132  10:05  Mutalisk  
  141  10:10  Mutalisk  
  141  10:11  Mutalisk  
  143  10:18  Mutalisk  
  143  10:20  Zergling x16  
  153  10:25  Mutalisk  
  154  10:30  Mutalisk x2  
  157  10:37  Mutalisk  
  157  10:38  Spore Crawler  
  158  10:46  Mutalisk x2  
  158  10:48  Zergling x2  
  158  10:49  Zergling x20  
  173  10:56  Mutalisk x2  
  173  10:57  Mutalisk  
  175  11:02  Mutalisk  
  181  11:05  Zergling x6  
  181  11:08  Baneling x2  
  184  11:11  Mutalisk  
  184  11:17  Mutalisk x2  
  190  11:28  Mutalisk x2  
  190  11:36  Mutalisk x2  
  179  11:40  Mutalisk  
  179  11:43  Zergling x18  
  179  11:44  Zergling x16  
  188  11:49  Mutalisk  
  187  11:54  Mutalisk  
  187  12:01  Mutalisk x2  
  188  12:04  Mutalisk  
  188  12:06  Baneling  
  188  12:07  Hatchery  
  193  12:09  Mutalisk  
  193  12:11  Zergling x2  
  196  12:20  Baneling, Mutalisk x2  
  200  12:30  Spore Crawler  
  189  12:37  Mutalisk x3  
  192  12:45  Mutalisk x2  
  192  12:50  Mutalisk  
  195  12:54  Queen  
  195  12:56  Mutalisk  
  199  12:59  Spore Crawler  
  197  13:11  Mutalisk x2  
  199  13:17  Mutalisk x2  
  197  13:33  Zergling x2  
  197  13:34  Zergling x16  
  182  13:51  Baneling x4  
  182  13:52  Baneling, Mutalisk x7  
  159  13:56  Zergling x6  
  159  14:00  Drone x7  
  159  14:01  Drone x2  
  139  14:07  Mutalisk x2  
  139  14:13  Zergling x2  
  139  14:14  Zergling x8  
  141  14:20  Zergling x2  
  141  14:21  Zergling x2, Queen  
  141  14:22  Drone  
  144  14:27  Mutalisk  
  144  14:30  Baneling x3  
  140  14:48  Mutalisk  
  140  14:51  Zergling x8  
  140  14:52  Zergling x8  
  141  14:55  Baneling  
  141  14:58  Mutalisk  
  143  15:01  Drone  
  143  15:02  Drone  
  145  15:13  Mutalisk  
  145  15:30  Mutalisk x2  
  141  15:44  Drone  
Tags
 
Add a new tag
Caveats
  • Supply blocks, unpowered buildings, or Contaminate may cause inaccurate times.
  • Supply counts are checked every 10 seconds.